 Dungeon Crawl Stone Soup version 0.22-a0-565-gfc6459a (webtiles) character file.

67 galech the Skirmisher (level 4, 0/49 HPs)
             Began as an Ogre Berserker on June 28, 2018.
             Was a Believer of Trog.
             Slain by a rat (3 damage)
             ... on level 1 of the Dungeon.
             The game lasted 00:01:06 (1220 turns).

galech the Skirmisher (Ogre Berserker)              Turns: 1220, Time: 00:01:07

Health: 0/49       AC:  3    Str: 22    XL:     4   Next: 18%
Magic:  4/4        EV: 10    Int:  8    God:    Trog [**....]
Gold:   43         SH:  0    Dex:  8    Spells: 3/3 levels left

rFire    . . .     SeeInvis .   a - +0 mace
rCold    . . .     Gourm    .   (no shield)
rNeg     . . .     Faith    .   b - +0 animal skin
rPois    .         Spirit   .   (helmet restricted)
rElec    .         Reflect  .   (no cloak)
rCorr    .         Harm     .   (gloves unavailable)
MR       ++...                  (boots unavailable)
Stlth    +.........             (no amulet)
HPRegen  1.16/turn              (no ring)
MPRegen  0.09/turn              (no ring)

@: berserk cooldown, regenerating, slowed, very slow
A: large, unfitting armour, tough skin 1
a: Berserk, Trog's Hand, Renounce Religion


You were on level 1 of the Dungeon.
You worshipped Trog.
Trog was pleased with you.
You were very hungry.

You visited 1 branch of the dungeon, and saw 2 of its levels.

You collected 43 gold pieces.

Inventory:

Hand Weapons
 a - a +0 mace (weapon)
Armour
 b - a +0 animal skin (worn)
Scrolls
 d - a scroll of teleportation {unknown}
 e - a scroll of amnesia {unknown}
 f - 2 scrolls of identify {unknown}
 g - 2 scrolls of enchant armour {unknown}
 i - a scroll of remove curse {unknown}
Potions
 h - a potion of flight {unknown}
 k - a potion of cancellation {unknown}
 l - a potion of degeneration {unknown}
Comestibles
 c - a ration
 j - 4 chunks of flesh


   Skills:
 + Level 4.7 Fighting
 + Level 3.5 Maces & Flails
 + Level 3.3 Dodging
 + Level 0.1 Stealth


You had 3 spell levels left.
You didn't know any spells.
Your spell library was empty.

Dungeon Overview and Level Annotations

Branches:
Dungeon (2/15)

Altars:


Innate Abilities, Weirdness & Mutations

You are too large for most types of armour.
You have tough skin. (AC +1)


Message History

The rat barely misses you. The hobgoblin closely misses you.
The rat barely misses you.
The hobgoblin hits you but does no damage.
You barely miss the hobgoblin.
The hobgoblin is heavily wounded.
The rat closely misses you. The hobgoblin barely misses you. The rat bites you.
* * * LOW HITPOINT WARNING * * *
You hit the hobgoblin but do no damage.
The hobgoblin is heavily wounded.
The hobgoblin hits you with a club.
* * * LOW HITPOINT WARNING * * *
The rat closely misses you. The hobgoblin hits you with a club.
* * * LOW HITPOINT WARNING * * *
The rat bites you.
* * * LOW HITPOINT WARNING * * *
Your skin crawls.
You feel resistant to hostile enchantments.
You are feeling very hungry.
The hobgoblin closely misses you. The rat bites you.
You die...

#..........##.#.# #.>.......
#..........##.#.# #.........
#..........##.#.# #.........
##.........##.#.##
#......... #.........##....#
#......... #.........####..#
####'##### #.........# #..#
#.#
##############..#######.####
#@r........[....#
#g#..#######.##.# #.#..#
#.##.## #.#..#######.##..#
#.#..........###.#
#.#.########## #.#
#.#.......# #.# #.#.#####.#
#.# #.#.....#.# #.#


You could see a hobgoblin and a rat.

Vanquished Creatures
  An orc wizard (D:2)
  An ooze (D:1)
  A dart slug (D:1)
  3 orcs (D:2)
  A giant cockroach (D:1)
  3 goblins
  4 hobgoblins (D:1)
  3 jackals (D:1)
  A kobold (D:1)
  4 bats (D:1)
  A frilled lizard (D:1)
  3 rats (D:1)
26 creatures vanquished.

Notes
Turn   | Place    | Note
-------+----------+-------------------------------------------
     0 | D:1      | galech the Ogre Berserker began the quest for the Orb.
     0 | D:1      | Reached XP level 1. HP: 24/24 MP: 1/1
    73 | D:1      | Reached XP level 2. HP: 8/32 MP: 2/2
   736 | D:1      | Reached XP level 3. HP: 40/40 MP: 3/3
  1199 | D:2      | Reached XP level 4. HP: 49/49 MP: 4/4
  1204 | D:2      | Reached ** piety under Trog
  1219 | D:1      | HP: 2/49 [rat (2)]
  1220 | D:1      | Slain by a rat

Vault maps used:
D:1:      matt_arrival_grand_opening
D:2:      nemelex_xobeh_ov_fountains_minmay, first_ration, minmay_hexomino_u4

Skill      XL: |  1  2 |
---------------+-------+-----
Maces & Flails | 3 |  3.5
Dodging        | 3 |  3.3
Fighting       | |  4.7
Stealth        | |  0.1

Action                   |  1- 3 |  4- 6 || total
-------------------------+-------+-------++-------
Melee: Mace              |    65 |    16 ||    81
Invok: Berserk           |     1 |       ||     1
       Trog's Hand       |       |     1 ||     1
  Eat: Chunk             |     1 |       ||     1
Armor: Animal skin       |    35 |     5 ||    40
Dodge: Dodged            |    34 |    16 ||    50

Table legend:
 A = Spawn XP
 B = Non-spawn XP
 C = Spawn XP percentage of total XP
 D = Spawn monster count
 E = Non-spawn monster count
 F = Spawn count percentage of total count
 G = Total turns spent on level
                    A         B        C        D         E        F      G
               +---------+---------+-------+---------+---------+-------+---------
         Total |       0 |      97 |   0.0 |       0 |      26 |   0.0 |  1220
               +---------+---------+-------+---------+---------+-------+---------
           D:1 |       0 |      44 |   0.0 |       0 |      21 |   0.0 |  1202
           D:2 |       0 |      53 |   0.0 |       0 |       5 |   0.0 |    18
               +---------+---------+-------+---------+---------+-------+---------
